cohdb
Replays
Latest Replays
All Replays
Popular Replays
Top Player Replays
Match Explorer
How It Works
Community
CoH3 Stats
Reddit
Sign in to upload your games and track your stats! →
Sign in with Steam
Match 39217644
Unlisted
Match 39217644
Overview
Messages
Build Orders
End
Kettenkrad Recon Vehicle
Construct Infanterie Kompanie
MG 42 Machine Gun Team
Grenadier Squad
Pioneer Squad
Construct Panzergrenadier Kompanie
Grenadier Squad
Panzergrenadier Squad
Selects Mechanized Battlegroup
Selects Mobile Repair Stations
251 Medium Carrier
Pak 40 Anti-tank Gun Team
Construct Panzer Kompanie
Selects Wespe Self-propelled Artillery
Stoßtruppen Squad
Panzer IV Medium Tank
Side Skirts
Stoßtruppen Squad
Selects Zeroing Artillery Barrage
Zeroing Artillery Barrage
Wespe Self-propelled Artillery
klopfgeist
nXPhönix
SneaKerz
gb_gbg
0
0
Comments
sign in to comment!
No comments posted yet!